 Dungeon Crawl Stone Soup version 0.31-a0-1178-gc5c9b8f871 (webtiles) character file.

Game seed: 10069132074972663995

1061 backslashecho the Chiller (level 8, -10/52 HPs)
             Began as an Octopode Ice Elementalist on Dec 11, 2023.
             Was an Initiate of Vehumet.
             Mangled by a wight
             ... wielding a +2 halberd
              (17 damage)
             ... on level 6 of the Dungeon.
             The game lasted 00:15:39 (5613 turns).

backslashecho the Chiller (OpIE)                    Turns: 5613, Time: 00:15:39

Health: -10/52     AC:  1    Str:  8    XL:     8   Next: 27%
Magic:  10/15      EV: 13    Int: 19    God:    Vehumet [......]
Gold:   324        SH:  5    Dex: 12    Spells: 6/16 levels left

rFire   . . .        b - +3 dagger
rCold   . . .        (no shield)
rNeg    . . .        (helmet restricted)
rPois   .            h - amulet of reflection
rElec   .            (no ring)
rCorr   .            (no ring)
SInv    .            (no ring)
Will    .....        (no ring)
Stlth   +++          (no ring)
HPRegen 0.28/turn    (no ring)
MPRegen 0.14/turn    (no ring)
                     (no ring)

%: reflection
@: no status effects
A: almost no armour, amphibious, 8 rings, camouflage 1, gelatinous body 1,
(nimble swimmer 1), tentacles
a: Renounce Religion


You were on level 6 of the Dungeon.
You worshipped Vehumet.
Vehumet was noncommittal.
You visited 1 branch of the dungeon, and saw 6 of its levels.
You also visited: Sewer.

You collected 324 gold pieces.

Inventory:

Hand Weapons
 b - a +3 dagger (weapon)
Missiles
 t - a throwing net
Magical Staves
 x - a staff of death
Jewellery
 h - an amulet of reflection (around mantle)
 u - a ring of willpower
Wands
 v - a wand of charming (5)
Scrolls
 d - a scroll of poison {unknown}
 e - a scroll of fear
 j - a scroll of amnesia {unknown}
 n - a scroll of butterflies {unknown}
 p - a scroll of revelation {unknown}
 y - a scroll of fog {unknown}
Potions
 a - a potion of magic
 c - 2 potions of enlightenment
 i - 4 potions of curing
 k - 4 potions of heal wounds
 l - a potion of resistance {unknown}
 m - 2 potions of mutation {unknown}
 o - 2 potions of haste {unknown}
 r - a potion of invisibility {unknown}
 w - a potion of cancellation {unknown}


   Skills:
 + Level 3.4 Fighting
 - Level 2.0 Short Blades
 - Level 2.0 Dodging
 - Level 3.0 Stealth
 + Level 4.7 Spellcasting
 + Level 2.1 Conjurations
 - Level 6.2 Ice Magic
 * Level 2.6 Air Magic
 - Level 3.0 Poison Magic


You had 6 spell levels left.
You knew the following spells:

 Your Spells              Type           Power      Damage    Failure   Level
a - Freeze                Ice            100%       1d10      1%          1
b - Ozocubu's Armour      Ice            28%        N/A       3%          3
c - Frozen Ramparts       Ice            56%        1d9       3%          3
d - Mephitic Cloud        Conj/Pois/Air  14%        N/A       13%         3

Your spell library contained the following spells:

 Spells                   Type           Power      Damage    Failure   Level
 Magic Dart               Conj           48%        1d5       5%          1
 Ensorcelled Hibernation  Hex/Ice        32%        N/A       5%          2
 Momentum Strike          Conj/Tloc      16%        3d8       12%         2
 Blink                    Tloc           8%         N/A       19%         2
 Call Imp                 Summ           8%         N/A       19%         2
 Jinxbite                 Hex            8%         N/A       19%         2
 Lesser Beckoning         Tloc           8%         N/A       19%         2
 Summon Ice Beast         Ice/Summ       16%        N/A       34%         4
 Inner Flame              Hex/Fire       4%         N/A       36%         3
 Tukima's Dance           Hex            4%         N/A       36%         3
 Anguish                  Hex/Necr       2%         N/A       77%         4
 Passage of Golubria      Tloc           4%         N/A       77%         4
 Yara's Violent Unravell  Hex/Tmut       2%         3d3       98%         5
 Enfeeble                 Hex            2%         N/A       100%        7


Dungeon Overview and Level Annotations

Branches:
Dungeon (6/15)             Temple (0/1) D:6           Sewer (visited)

Altars:
Qazlal
Uskayaw
Vehumet

Shops:
D:1 ([   D:4 [

Annotations:
D:4 2 transporters, particleface's ghost, amateur DjSh


Innate Abilities, Weirdness & Mutations

You cannot wear most types of armour.
You are amphibious.
You can wear up to eight rings at the same time.
Your skin changes colour to match your surroundings (Stealth+).
Your rubbery body absorbs attacks. (AC +1, EV +1)
((You are camouflaged when in or above water. (Stealth+)))
You have tentacles for arms and can constrict up to eight enemies at once.


Message History

Unknown command.
Okay, then.
An orc comes into view. It is wielding a +0 falchion.
The white imp shouts, "Slither hence, thou mangled ill-nurtured flax-wench!"
You hear a shout!
The ufetubus shouts!
The orc shouts!
The ufetubus shouts!
The ufetubus completely misses you. The ufetubus misses you.
A scorpion comes into view.
The gnoll shouts!
You hear a shout!
As you read the scroll of fear, it crumbles to dust.
You assume a fearsome visage.
The orc wizard looks frightened!
The orc priest looks frightened!
The orc priest shouts!
The orc looks frightened!
The ufetubus looks frightened! x2
The gnoll looks frightened! x2; The white imp looks frightened!
The wight is unaffected. x3; The scorpion looks frightened!
The orc wizard mumbles some strange words.
The orc wizard flickers and vanishes!
Deactivating autopickup; reactivate with Ctrl-A.
The wight misses you.
Blink to where?
Press: ? - help, Dir - move target An orc priest and an orc come into view.
Found a scroll of fear.
As you read the scroll of blinking, it crumbles to dust.
Casting: Frozen Ramparts (dangerous; 3% risk of failure)
Confirm with . or Enter, or press ? or * to list all spells.
Aiming: Freeze (safe; 1% risk of failure)
Press: ? - help, Shift-Dir - straight line, f - orc
Aim: an orc, wielding a +0 hand axe and wearing a +0 leather armour
Okay, then.
The orc hits you with a +0 hand axe.
* * * LOW HITPOINT WARNING * * *
An orc wizard comes into view. It is wielding a +0 dagger.
You take 1 damage, and have 6/52 hp.
Casting: Freeze (safe; 1% risk of failure)
Confirm with . or Enter, or press ? or * to list all spells.
Aiming: Freeze (safe; 1% risk of failure)
Press: ? - help, Shift-Dir - straight line, f - orc
Aim: an orc, wielding a +0 hand axe and wearing a +0 leather armour You freeze the orc!
You kill the orc!
Vehumet accepts your kill.
The orc wizard shouts!
You now have 9/15 mp.
A hound comes into view.
There is a stone staircase leading up here.
Things that are here:
a +0 hand axe; a +0 leather armour; an orc corpse The wight hits you from afar with a +2 halberd!
You die...

#.......#.#....
...............##
..
.g...##.........
..
g...#####......##
## .. ..g.
..###......##..#
.. ...
.......zz.......
.. ..
......z.........
..
#..............
##
....#..@.......
.. . ###........
#. $........ #
P......... ..
>o.#o[##... ..
P.P. .## .## #.
.... .. ? . ...h.
#. .


You could see a hound (wandering), 3 wights, an orc priest (wandering) and an
orc wizard.

Vanquished Creatures
  2 ogres (D:5)
  2 phantoms (D:5)
  2 brain worms (Sewer)
  2 scorpions (D:5)
  A gnoll bouda (D:5)
  2 iguanas
  4 orc wizards (D:5)
  5 gnolls (D:5)
  4 river rats
  12 adders
  A white imp (D:6)
  3 worms (D:4)
  2 dart slugs
  13 orcs
  7 ball pythons
  12 endoplasms
  A giant cockroach (D:1)
  3 goblins
  9 hobgoblins
  5 jackals
  2 quokkas
  4 bats
  7 frilled lizards
  5 kobolds
  13 rats
123 creatures vanquished.

Notes
Turn   | Place    | Note
-------+----------+-------------------------------------------
     0 | D:1      | backslashecho the Octopode Ice Elementalist began the quest
                  | for the Orb.
     0 | D:1      | Reached XP level 1. HP: 11/11 MP: 3/3
     3 | D:1      | You fall into a shaft and drop 1 floor!
     3 | D:2      | Found a hide-covered altar of Uskayaw.
   329 | D:1      | Reached XP level 2. HP: 17/17 MP: 5/5
   427 | D:1      | Found Irade's Antique Armour Boutique.
   801 | D:1      | Found Sunnuoc's Weapon Boutique.
   968 | D:1      | Reached XP level 3. HP: 21/21 MP: 6/6
  1406 | D:2      | Reached skill level 1 in Short Blades
  1456 | D:2      | Reached XP level 4. HP: 17/27 MP: 3/8
  2223 | D:3      | Learned a level 3 spell: Ozocubu's Armour
  2227 | D:3      | Learned a level 3 spell: Frozen Ramparts
  2493 | D:3      | Reached XP level 5. HP: 22/31 MP: 6/9
  2775 | D:3      | Found a faded altar of an unknown god.
  2977 | D:4      | Reached skill level 5 in Ice Magic
  3081 | D:4      | Found a glowing drain.
  3089 | Sewer    | Entered a sewer
  3222 | Sewer    | Reached skill level 1 in Fighting
  3222 | Sewer    | Reached XP level 6. HP: 35/38 MP: 9/11
  3573 | D:4      | Found Ahupirr's Antique Armour Emporium.
  3582 | D:4      | Found a stormy altar of Qazlal.
  3698 | D:4      | Noticed particleface's ghost (amateur DjSh)
  3699 | D:4      | Found a transporter.
  3744 | D:4      | Reached skill level 6 in Ice Magic
  3965 | D:4      | Found a transporter.
  4072 | D:5      | Entered Level 5 of the Dungeon
  4107 | D:5      | Found a radiant altar of Vehumet.
  4116 | D:5      | Reached XP level 7. HP: 44/45 MP: 6/13
  4131 | D:5      | Became a worshipper of Vehumet
  4136 | D:5      | Learned a level 3 spell: Mephitic Cloud
  4296 | D:5      | Reached skill level 1 in Poison Magic
  4545 | D:5      | Reached skill level 1 in Air Magic
  4554 | D:5      | Reached skill level 1 in Conjurations
  4723 | D:5      | Identified the +3 leather armour of the Sun {Rampage
                  | Slay+3}
  4868 | D:5      | Reached XP level 8. HP: 50/52 MP: 14/14
  5318 | D:6      | Found a staircase to the Ecumenical Temple.
  5528 | D:6      | Noticed a +0 hand axe
  5530 | D:6      | Found a hide-covered altar of Uskayaw.
  5530 | D:6      | Noticed a +0 hand axe
  5613 | D:6      | Mangled by a wight

Illustrated notes

Levels and vault maps discovered:
D:1:      tekkud_arrival_beachfront_property, layout_loops_corners,
          serial_shops, nicolae_shop_overgrown_old_shop,
          nicolae_shop_window_shopping
D:2:      layout_basic, basic_altar, minmay_fractal_squares_5
D:3:      layout_basic, ebering_ecumenical_altar_box, minmay_fountain_box,
          kennysheep_generic_room_8
D:4:      layout_loops_cross, mainiacjoe_overflow_small_starburst, serial_shops,
          shop, lightli_sewer_entry_pipes, gammafunk_ghost_arena
D:5:      layout_basic, nicolae_vehumet_radiance
D:6:      layout_cave_pools, dancing_weapons_uskayaw, minmay_temple_entry_trees,
          hangedman_decor_opposing

Skill      XL: |  1  2  3  4  5  6  7  8 |
---------------+-------------------------+-----
Stealth        | 3 |  3.0
Short Blades   | 1 2 |  2.0
Spellcasting   | 3 4 |  4.7
Ice Magic      | 5 6 |  6.2
Fighting       | 1 2 3 |  3.4
Poison Magic   | 3 |  3.0
Air Magic      | 1 2 |  2.6
Conjurations   | 1 2 |  2.1
Dodging        | |  2.0

Action                     |  1- 3 |  4- 6 |  7- 9 || total
---------------------------+-------+-------+-------++-------
  Melee: Unarmed           |    28 |       |       ||    28
         Tentacles         |    19 |    15 |    11 ||    45
         Constrict         |    16 |    16 |     5 ||    37
         Dagger            |    34 |    76 |    34 ||   144
         Punch             |     1 |       |     1 ||     2
   Cast: Freeze            |    18 |    26 |    16 ||    60
         Frozen Ramparts   |       |     4 |     9 ||    13
         Ozocubu's Armour  |       |     1 |     1 ||     2
         Mephitic Cloud    |       |       |     1 ||     1
    Use: Scroll            |       |     2 |     8 ||    10
   Stab: Sleeping          |     5 |    16 |     8 ||    29
         Distracted        |       |       |     1 ||     1
 Armour: Skin              |    36 |    24 |    29 ||    89
  Dodge: Dodged            |    50 |    30 |    28 ||   108
  Block: Other             |       |     7 |    11 ||    18

Table legend: (Time is in decaauts)
 A = Elapsed time spent in this place.
 B = Non-inter-level travel time spent in this place.
 C = Inter-level travel time spent in this place.
 D = Time resting spent in this place.
 E = Time spent auto-exploring this place.
 F = Levels seen in this place.
 G = Mean time per level.
                   A        B        C        D        E       F      G
               +--------+--------+--------+--------+--------+-----+--------+
         Total |   5601 |   5299 |    302 |    418 |   3762 |   7 |  800.1 |
       Dungeon |   5215 |   4913 |    302 |    364 |   3638 |   6 |  869.2 |
         Sewer |    386 |    386 |      0 |     54 |    124 |   1 |  386.0 |
               +--------+--------+--------+--------+--------+-----+--------+

Top non-repeatable levels by time:
     D:5: 1390 daAuts
     D:2: 1117 daAuts
     D:1: 1058 daAuts
     D:3: 773 daAuts
     D:4: 758 daAuts
   Sewer: 386 daAuts
     D:6: 117 daAuts
